Map: Oceanborn LE

Players

DJTipZ - Winner!

  • Race: Protoss Protoss
  • League: Platinum
  • Spawn Location: 11:00

Subwayeatn

  • Race: Terran Terran
  • League: Platinum
  • Spawn Location: 5:00

VOD

Have the link to the VOD?

Description

Time

  • Played on: Nov. 9, 2023, 2:24 p.m.
  • Length: 6:56
Show
View Real Time Build Order
Export as new Build Order

DJTipZ Protoss - Winner!

Build Orders: Blink Stalkers 

Get SALT Encoding   

  12  0:00  Probe  
  13  0:12  Probe  
  14  0:24  Probe  
  15  0:29  Pylon  
  15  0:34  Assimilator  
  15  0:53  Gateway  
  15  0:55  Probe (Chrono Boost)  
  17  1:05  Probe (Chrono Boost)  
  17  1:10  Probe (Chrono Boost)  
  18  1:22  Probe (Chrono Boost)  
  19  1:41  Cybernetics Core  
  19  1:46  Nexus  
  19  1:48  Pylon  
  19  1:53  Probe  
  20  1:58  Assimilator  
  20  2:14  Stalker (Chrono Boost)  
  22  2:27  Probe  
  23  2:31  Warp Gate  
  23  2:40  Probe  
  24  2:45  Gateway  
  24  2:52  Probe  
  24  2:53  Twilight Council  
  24  2:56  Stalker (Chrono Boost)  
  27  3:08  Probe  
  27  3:36  Stalker  
  27  3:37  Stalker  
  27  3:38  Probe x2  
  33  3:52  Probe x2  
  33  3:53  Blink (Chrono Boost), Pylon  
  33  3:55  Gateway  
  35  4:05  Probe (Chrono Boost)  
  38  4:12  Probe (Chrono Boost)  
  38  4:18  Pylon  
  38  4:22  Probe (Chrono Boost)  
  38  4:27  Robotics Facility, Probe  
  38  4:29  Probe  
  40  4:31  Stalker  
  40  4:33  Stalker  
  44  4:40  Probe (Chrono Boost)  
  46  4:47  Probe (Chrono Boost)  
  46  4:52  Probe (Chrono Boost)  
  47  4:53  Stalker  
  47  4:57  Stalker  
  47  4:58  Stalker  
  54  5:00  Probe (Chrono Boost)  
  54  5:05  Probe  
  54  5:06  Probe  
  55  5:08  Assimilator  
  55  5:10  Assimilator  
  56  5:15  Observer  
  56  5:18  Pylon, Probe x2  
  56  5:19  Stalker  
  61  5:25  Pylon  
  61  5:27  Gateway  
  61  5:35  Warp Prism (Chrono Boost)  
  63  5:44  Stalker  
  63  5:45  Stalker  
  67  5:54  Forge  
  67  5:56  Pylon  
  67  5:58  Probe x2  
  69  6:05  Stalker  
  71  6:22  Stalker x3  
  71  6:51  Stalker  
  71  6:52  Stalker x3  
Show
View Real Time Build Order
Export as new Build Order

Subwayeatn Terran 

Build Orders:  

Get SALT Encoding   

  12  0:00  SCV  
  13  0:12  SCV  
  14  0:18  Supply Depot  
  14  0:24  SCV  
  15  0:34  Refinery  
  15  0:39  SCV  
  16  0:46  Barracks  
  16  0:51  SCV  
  17  1:03  SCV  
  17  1:14  Supply Depot  
  17  1:17  SCV  
  18  1:29  SCV  
  19  1:37  Reaper  
  20  1:41  SCV  
  21  1:57  Command Center  
  21  2:06  Orbital Command  
  21  2:10  Reaper  
  22  2:38  Barracks  
  22  2:39  Factory  
  22  2:41  Supply Depot, Refinery  
  22  2:48  SCV  
  23  2:59  Barracks Tech Lab  
  23  3:00  SCV  
  24  3:12  SCV  
  24  3:37  SCV  
  25  3:47  Combat Shield  
  25  3:49  Marauder, SCV  
  25  3:52  Barracks Tech Lab  
  28  4:07  Factory Reactor  
  29  4:10  SCV  
  29  4:12  Orbital Command  
  29  4:26  SCV  
  29  4:28  Refinery  
  30  4:34  Refinery  
  30  4:35  Supply Depot  
  30  4:36  Marauder  
  30  4:37  Marine  
  33  4:38  SCV  
  33  4:39  Concussive Shells  
  33  4:41  Engineering Bay  
  34  4:47  Starport  
  34  4:49  Cyclone  
  34  4:50  SCV  
  34  4:51  SCV  
  38  4:57  Marauder, Marine  
  41  5:03  SCV  
  41  5:06  Stimpack  
  42  5:09  SCV, Supply Depot  
  43  5:15  SCV  
  44  5:21  SCV  
  44  5:27  SCV  
  46  5:28  Starport Reactor  
  46  5:31  Cyclone x2  
  46  5:33  Marine, Marauder  
  53  5:37  SCV  
  53  5:39  SCV  
  55  5:49  SCV  
  56  5:52  Command Center  
  56  6:00  SCV  
  56  6:02  SCV  
  56  6:03  Cyclone x2  
  62  6:07  Supply Depot  
  62  6:12  SCV  
  62  6:14  SCV  
Tags
 
Composition
Blink Stalkers
Matchup
PvT
Replay Pack
Multiplayer
Spawn Locations
Cross Positions
Add a new tag
Caveats
  • Supply blocks, unpowered buildings, or Contaminate may cause inaccurate times.
  • Supply counts are checked every 10 seconds.